[Event "Titled Tuesday Blitz February 15 Early 2022"]
[White "Maze, Sebastien"]
[Black "Deepan Chakkravarthy J."]
[WhiteFideId "613762"]
[BlackFideId "5011132"]
[WhiteElo "2462"]
[BlackElo "2490"]
[Result "1-0"]
[Round "06"]
[TimeControl "180+1"]
[Date "2022.02.15"]
[WhiteClock "0:00:36"]
[BlackClock "0:00:08"]

1. e4 e5 2. Nf3 Nc6 3. Bb5 a6 4. Ba4 Bc5 5. Bxc6 dxc6 6. d3 Ne7 7. Be3 Bxe3 8. fxe3 f6 9. Nc3 Be6 10. O-O Qd7 11. a4 O-O 12. a5 Nc8 13. d4 exd4 14. exd4 Nd6 15. b3 Nb5 16. Nxb5 axb5 17. Qd2 Bf7 18. Rfe1 Rfe8 19. h3 Bh5 20. g4 Bg6 21. Qf4 Qd6 22. Qxd6 cxd6 23. Nd2 h5 24. Kf2 hxg4 25. hxg4 Kf7 26. b4 Rh8 27. Rh1 Rxh1 28. Rxh1 Re8 29. Kf3 Ke6 30. c3 Kd7 31. Re1 Rh8 32. Kg3 Re8 33. Kf4 Rh8 34. Nf3 Bf7 35. g5 Rh3 36. gxf6 gxf6 37. Kg4 Be6+ 38. Kf4 Bf7 39. Re3 Bh5 40. Ne1 Rxe3 41. Kxe3 Ke6 42. Ng2 Bd1 43. Nf4+ Ke7 44. Nd3 Bc2 45. Ne1 Bb1 46. Kf4 Ke6 47. Nf3 d5 48. e5 fxe5+ 49. dxe5 Bd3 50. Nd4+ Kd7 51. Nb3 Kc7 52. Nc5 Bc2 53. Kg5 b6 54. axb6+ Kxb6 55. Kf6 Kc7 56. Ke7 Bd1 57. Ne6+ Kb6 58. Kd6 Bh5 59. Nd4 Be8 60. e6 Kb7 61. e7 Kb6 62. Ne6 Bh5 63. Ng7 Bg6 64. e8=Q 1-0


[Site "https://www.chess.com"]

[Event "Titled Tuesday Blitz February 15 Early 2022"]
[White "Mejia, Cherry Ann"]
[Black "Ronka, Erik"]
[WhiteFideId "5206880"]
[BlackFideId "505080"]
[WhiteElo "2007"]
[BlackElo "2264"]
[Result "0-1"]
[Round "06"]
[TimeControl "180+1"]
[Date "2022.02.15"]
[WhiteClock "0:00:03"]
[BlackClock "0:00:23"]

1. e4 c5 2. Nc3 d6 3. g3 g6 4. Bg2 Bg7 5. d3 Nc6 6. Be3 e5 7. Qd2 Nge7 8. Bh6 Bxh6 9. Qxh6 Nd4 10. Rc1 Qb6 11. Nd1 Bg4 12. f3 Be6 13. c3 Ndc6 14. b3 d5 15. Ne2 O-O-O 16. Ne3 dxe4 17. dxe4 c4 18. b4 Rd3 19. Nd1 Rhd8 20. a4 Nxb4 21. cxb4 Qxb4+ 22. Nec3 Qc5 23. Nf2 Re3+ 24. Ne2 Qb4+ 25. Kf1 Qd2 26. Re1 Rxe2 27. Qxd2 Rexd2 28. Bh3 Bxh3+ 29. Nxh3 f6 30. Rg1 Nc6 31. Rg2 a6 32. Rxd2 Rxd2 33. Re2 Rd4 34. Kf2 b5 35. axb5 axb5 36. Ng1 b4 37. f4 b3 38. Nf3 Rd3 39. fxe5 fxe5 40. Ke1 c3 0-1


[Site "https://www.chess.com"]

[Event "Titled Tuesday Blitz February 15 Early 2022"]
[White "Mirzanurov, Bulat"]
[Black "Bashirli, Saadat"]
[WhiteFideId "4184521"]
[BlackFideId "13429990"]
[WhiteElo "2116"]
[BlackElo "1173"]
[Result "0-1"]
[Round "06"]
[TimeControl "180+1"]
[Date "2022.02.15"]
[WhiteClock "0:02:14"]
[BlackClock "0:02:36"]

1. e4 c5 2. Nf3 g6 3. d4 cxd4 4. Nxd4 Nc6 5. c4 Nf6 6. Nc3 Nxd4 7. Qxd4 d6 8. Be2 Bg7 9. O-O O-O 10. Be3 Ng4 11. Qd2 Nxe3 12. Qxe3 Bd7 13. Kh1 a5 14. f4 a4 15. a3 Qa5 16. Rac1 Rac8 17. Nd5 Rfe8 18. Rc2 e6 0-1


[Site "https://www.chess.com"]

[Event "Titled Tuesday Blitz February 15 Early 2022"]
[White "Mirzoev, Azer"]
[Black "Sharapov, Evgeny"]
[WhiteFideId "13400304"]
[BlackFideId "14103133"]
[WhiteElo "2525"]
[BlackElo "2367"]
[Result "1-0"]
[Round "06"]
[TimeControl "180+1"]
[Date "2022.02.15"]
[WhiteClock "0:01:05"]
[BlackClock "0:00:42"]

1. Nf3 c5 2. e3 d5 3. d4 cxd4 4. exd4 Nc6 5. c3 Bg4 6. h3 Bxf3 7. Qxf3 Nf6 8. Bd3 e6 9. Nd2 Be7 10. g4 h6 11. Qg2 e5 12. dxe5 Nxe5 13. Bb5+ Nc6 14. Nf3 Qb6 15. Bd3 d4 16. cxd4 Bb4+ 17. Kf1 Nxd4 18. Nxd4 Qxd4 19. Bb5+ Nd7 20. Qxb7 Rd8 21. Be3 Qxb2 22. Rd1 O-O 23. Bxd7 Rb8 24. Qa6 Qc2 25. Qd3 Qxa2 26. Bf5 Rfd8 27. Qxd8+ Rxd8 28. Rxd8+ Bf8 29. Kg2 g6 30. Be4 Qe6 31. Bf3 Kg7 32. Bd4+ f6 33. Rb1 Be7 34. Rb7 1-0


[Site "https://www.chess.com"]

[Event "Titled Tuesday Blitz February 15 Early 2022"]
[White "Mohammed, Dilshad"]
[Black "Cramling Bellon, Anna"]
[WhiteFideId "5050421"]
[BlackFideId "32009232"]
[WhiteElo "2153"]
[BlackElo "1905"]
[Result "1-0"]
[Round "06"]
[TimeControl "180+1"]
[Date "2022.02.15"]
[WhiteClock "0:00:36"]
[BlackClock "0:00:02"]

1. Nf3 c5 2. c4 Nc6 3. Nc3 e6 4. g3 Nf6 5. Bg2 d5 6. cxd5 exd5 7. d3 d4 8. Nb1 Be7 9. O-O O-O 10. Nbd2 Re8 11. b3 Bg4 12. a4 a6 13. Ba3 Nd5 14. Bb2 f5 15. h3 Bh5 16. Rc1 Bf8 17. Re1 Ncb4 18. Nh4 Na2 19. Nc4 Nxc1 20. Qxc1 Rxe2 21. Bxd5+ Qxd5 22. Rxe2 Bxe2 23. Nb6 Qd8 24. Nxa8 Qxa8 25. Qc4+ Kh8 26. Qe6 Bxd3 27. Nf3 f4 28. Ne5 Bg6 29. gxf4 Qd8 30. Qxg6 hxg6 31. Nf7+ Kg8 32. Nxd8 b6 33. Kf1 Be7 34. Ne6 Bf6 35. Ke1 Kf7 36. Nc7 a5 37. Nd5 Ke6 38. Nxf6 Kxf6 39. Ke2 Kf5 40. Kf3 g5 41. fxg5 Kxg5 42. Ke4 Kh4 43. Bc1 Kxh3 44. f4 Kg4 45. f5 1-0


[Site "https://www.chess.com"]

[Event "Titled Tuesday Blitz February 15 Early 2022"]
[White "Molina, Roberto Junio Brito"]
[Black "Sadovsky, Artem"]
[WhiteFideId "2109450"]
[BlackFideId "4155840"]
[WhiteElo "2402"]
[BlackElo "2369"]
[Result "0-1"]
[Round "06"]
[TimeControl "180+1"]
[Date "2022.02.15"]
[WhiteClock "0:00:51"]
[BlackClock "0:01:05"]

1. d4 g6 2. e4 Bg7 3. Nc3 c6 4. h4 h5 5. Be3 d5 6. Qd2 dxe4 7. Nxe4 Nf6 8. Nxf6+ exf6 9. O-O-O O-O 10. Kb1 Re8 11. Ne2 Nd7 12. Nf4 b5 13. d5 c5 14. Bxb5 Rb8 15. Bc6 Ne5 16. Bxe8 Rxb2+ 17. Kc1 Qxe8 18. Qc3 Rxa2 19. d6 Bf5 20. Nd3 Bxd3 21. cxd3 Qa4 22. Bxc5 f5 23. d4 Bh6+ 24. Kb1 Nc4 25. d7 Ra1+ 0-1


[Site "https://www.chess.com"]

[Event "Titled Tuesday Blitz February 15 Early 2022"]
[White "Mosutha, Thuso"]
[Black "Vine, Elzbieta"]
[WhiteFideId "11302550"]
[BlackFideId "1119320"]
[WhiteElo "2028"]
[BlackElo "1849"]
[Result "1-0"]
[Round "06"]
[TimeControl "180+1"]
[Date "2022.02.15"]
[WhiteClock "0:00:35"]
[BlackClock "0:00:05"]

1. d4 d5 2. Bf4 Nf6 3. Nf3 Bg4 4. e3 e6 5. Be2 Bb4+ 6. c3 Bd6 7. Bg3 h5 8. Ne5 h4 9. Bxh4 Bxe2 10. Bxf6 gxf6 11. Qa4+ c6 12. Nxf7 Kxf7 13. Kxe2 Nd7 14. Nd2 b5 15. Qc2 Qg8 16. g3 Qg4+ 17. f3 Qh3 18. Kf2 Rag8 19. Rag1 Qh6 20. e4 dxe4 21. Nxe4 Be7 22. Re1 c5 23. Qb3 cxd4 24. Ng5+ Qxg5 25. Qxe6+ Kg6 26. Qxd7 Qd2+ 27. Re2 dxc3 28. Rxd2 cxd2 29. Qxe7 Rd8 30. Qe4+ f5 31. Qe6+ Kg7 32. Rd1 Rhe8 33. Qxf5 1-0


[Site "https://www.chess.com"]

[Event "Titled Tuesday Blitz February 15 Early 2022"]
[White "Musovic, Armin"]
[Black "Ter-Sahakyan, Samvel"]
[WhiteFideId "939935"]
[BlackFideId "13302531"]
[WhiteElo "2250"]
[BlackElo "2592"]
[Result "0-1"]
[Round "06"]
[TimeControl "180+1"]
[Date "2022.02.15"]
[WhiteClock "0:00:33"]
[BlackClock "0:01:20"]

1. a3 Nf6 2. Nc3 d5 3. d3 e5 4. Bg5 c6 5. e4 Bc5 6. Bxf6 Qxf6 7. Qf3 Qxf3 8. gxf3 Be6 9. Bh3 Nd7 10. Bxe6 fxe6 11. Nge2 O-O 12. Ng1 Bd4 13. Rb1 Rf6 14. Nd1 b5 15. c3 Bb6 16. Ne3 Raf8 17. Ke2 a5 18. h4 h6 19. Rh3 Rf4 20. Ng2 R4f7 21. Ne1 Nf6 22. Kf1 dxe4 23. dxe4 Nxe4 24. Rd1 Nxf2 25. Rd6 Nxh3 26. Nxh3 e4 27. Rxc6 Ba7 28. Rxe6 exf3 29. Nd3 Rd7 30. Nhf2 Bxf2 31. Nxf2 Rd2 32. b4 Ra2 33. Ne4 f2 0-1


[Site "https://www.chess.com"]

[Event "Titled Tuesday Blitz February 15 Early 2022"]
[White "Narayanan.S.L"]
[Black "Paravyan, David"]
[WhiteFideId "5058422"]
[BlackFideId "4194985"]
[WhiteElo "2494"]
[BlackElo "2569"]
[Result "0-1"]
[Round "06"]
[TimeControl "180+1"]
[Date "2022.02.15"]
[WhiteClock "0:00:02"]
[BlackClock "0:00:03"]

1. Nf3 Nf6 2. g3 c5 3. Bg2 Nc6 4. c4 d5 5. cxd5 Nxd5 6. d4 cxd4 7. Nxd4 Ndb4 8. Nxc6 Qxd1+ 9. Kxd1 Nxc6 10. Nc3 Bf5 11. Bxc6+ bxc6 12. Be3 e5 13. f3 Bb4 14. Rc1 Ke7 15. Ke1 Rhb8 16. b3 Ba3 17. Rd1 Bb4 18. Rc1 Ba3 19. Rd1 Bb4 20. Bd2 a5 21. e4 Be6 22. Na4 c5 23. Rc1 c4 24. bxc4 Ba3 25. Rd1 Bxc4 26. Nc3 Rd8 27. f4 Bb4 28. fxe5 Ke6 29. Nd5 Bxd5 30. exd5+ Rxd5 31. Bxb4 axb4 32. Rxd5 Kxd5 33. Rf1 Ra7 34. Rf4 Rxa2 35. Rxf7 b3 36. Kd1 Ra1+ 0-1


[Site "https://www.chess.com"]

[Event "Titled Tuesday Blitz February 15 Early 2022"]
[White "Navara, David"]
[Black "Daneshvar, Bardiya"]
[WhiteFideId "309095"]
[BlackFideId "12576468"]
[WhiteElo "2686"]
[BlackElo "2295"]
[Result "1-0"]
[Round "06"]
[TimeControl "180+1"]
[Date "2022.02.15"]
[WhiteClock "0:00:06"]
[BlackClock "0:00:10"]

1. d4 d5 2. c4 c6 3. Nf3 Nf6 4. e3 Bf5 5. Nc3 e6 6. Nh4 Be4 7. f3 Bg6 8. Qb3 Qc7 9. Bd2 Nbd7 10. cxd5 exd5 11. e4 dxe4 12. Nxg6 hxg6 13. fxe4 Ng4 14. e5 Nxh2 15. O-O-O Rh4 16. g3 Rxd4 17. Rxh2 Nxe5 18. Bf4 Rxd1+ 19. Qxd1 f6 20. Bxe5 fxe5 21. Qg4 Qf7 22. Bd3 Ke7 23. Bxg6 Qf1+ 24. Kc2 Rd8 25. Qh4+ Qf6 26. Ne4 Qxh4 27. gxh4 Ke6 28. Rf2 Be7 29. h5 Rd4 30. Rf7 Rc4+ 31. Kd3 Rd4+ 32. Ke3 Rd7 33. Rxg7 Kd5 34. Nf6+ 1-0


[Site "https://www.chess.com"]

[Event "Titled Tuesday Blitz February 15 Early 2022"]
[White "Nazari, Arad"]
[Black "Korkmaz, Necmettin"]
[WhiteFideId "12577324"]
[BlackFideId "6303285"]
[WhiteElo "2120"]
[BlackElo "2094"]
[Result "0-1"]
[Round "06"]
[TimeControl "180+1"]
[Date "2022.02.15"]
[WhiteClock "0:00:03"]
[BlackClock "0:00:16"]

1. e4 e5 2. Nf3 Nc6 3. Bb5 a6 4. Bxc6 dxc6 5. O-O Bg4 6. h3 h5 7. d3 Qf6 8. Nbd2 Ne7 9. Qe2 Ng6 10. Qe3 Nf4 11. Kh2 g5 12. d4 Bxf3 13. Nxf3 Bd6 14. dxe5 Bxe5 15. Nxe5 Qxe5 16. Qg3 O-O-O 17. Kh1 Qxe4 18. Be3 Rhg8 19. Rfe1 h4 20. Qg4+ f5 21. Qf3 Qxf3 22. gxf3 Nxh3 23. Kg2 g4 24. f4 Rde8 25. Bd2 b6 26. Rad1 Re4 27. Rxe4 fxe4 28. Re1 Re8 29. f5 Kd7 30. f6 Re6 31. f7 Ke7 32. Be3 Kxf7 33. Rd1 Re7 34. Rd4 Kf6 35. Rd8 Rf7 36. Rh8 Kf5 37. Rxh4 Nf4+ 38. Kg3 Ne2+ 39. Kg2 Nf4+ 40. Kg3 Ne6 41. Rh5+ Kf6 42. Rh6+ Ke7 43. Kxg4 c5 44. Rh8 Kd7 45. Rh6 a5 46. c3 b5 47. Kg3 a4 48. Rh4 Rg7+ 49. Kh3 Ng5+ 50. Bxg5 Rxg5 51. Rxe4 Rd5 52. Re2 Rd3+ 53. Kg2 a3 54. bxa3 Rxc3 55. Rd2+ Kc6 56. f4 Rxa3 57. f5 Ra8 58. Kf3 c4 59. Ke4 Kc5 60. Rb2 Re8+ 61. Kf4 c3 62. Rf2 Kc4 63. f6 Kd3 64. Rf3+ Kd2 65. Rf2+ Kd3 66. Rf3+ Kd4 67. Rf2 c5 68. Rf1 c2 69. Kf3 Kc3 70. f7 Rf8 71. Ke2 Kb2 72. Kd2 Rxf7 73. Rg1 Rd7+ 74. Ke2 c1=Q 0-1


[Site "https://www.chess.com"]

[Event "Titled Tuesday Blitz February 15 Early 2022"]
[White "Nilsen, Tobias Lang"]
[Black "Zheenbekov, Nurgazy"]
[WhiteFideId "1521624"]
[BlackFideId "13800485"]
[WhiteElo "2013"]
[BlackElo "1959"]
[Result "1-0"]
[Round "06"]
[TimeControl "180+1"]
[Date "2022.02.15"]
[WhiteClock "0:00:30"]
[BlackClock "0:00:43"]

1. f4 d5 2. Nf3 Nf6 3. g3 g6 4. Bg2 Bg7 5. O-O O-O 6. d3 c5 7. Nc3 Nc6 8. e4 dxe4 9. dxe4 e5 10. Qxd8 Rxd8 11. fxe5 Ng4 12. Bg5 Re8 13. Nd5 Rb8 14. Nf6+ Bxf6 15. exf6 h6 16. Bf4 Ra8 17. Bd6 Nxf6 18. Bxc5 Nxe4 19. Ba3 Bf5 20. Rae1 Rad8 21. c3 Bg4 22. Re3 Bxf3 23. Bxf3 Nd2 24. Rxe8+ Rxe8 25. Rf2 Re1+ 26. Kg2 Ne5 27. Bxb7 Ng4 28. Rxd2 1-0


[Site "https://www.chess.com"]

[Event "Titled Tuesday Blitz February 15 Early 2022"]
[White "Nogerbek, Kazybek"]
[Black "Terry, Renato"]
[WhiteFideId "13710427"]
[BlackFideId "3803457"]
[WhiteElo "2478"]
[BlackElo "2577"]
[Result "1/2-1/2"]
[Round "06"]
[TimeControl "180+1"]
[Date "2022.02.15"]
[WhiteClock "0:00:09"]
[BlackClock "0:00:03"]

1. c4 b6 2. Nc3 Bb7 3. d4 e6 4. Nf3 Bb4 5. g3 Nf6 6. Bg2 O-O 7. O-O Bxc3 8. bxc3 Nc6 9. Ne5 Nxe5 10. Bxb7 Nxc4 11. Bxa8 Qxa8 12. Qd3 d5 13. f3 Qc6 14. Bg5 Nd7 15. e4 h6 16. Be3 a5 17. e5 b5 18. Rab1 Rb8 19. f4 f5 20. exf6 Nxf6 21. f5 e5 22. dxe5 Nxe5 23. Qd1 Nc4 24. Bd4 Rf8 25. Qd3 Ne4 26. Rbe1 Qd6 27. Be3 c6 28. Qd4 Qf6 29. Qa7 Rf7 30. Qa8+ Rf8 31. Qa7 Rf7 32. Qa8+ Rf8 33. Qb7 Rf7 34. Qb8+ Rf8 35. Qf4 Qxc3 36. g4 Ng5 37. Qg3 Ne4 38. Qf4 Nxe3 39. Rxe3 Qd4 40. Kh1 b4 41. h4 Qf6 42. Rh3 a4 43. Rg1 b3 44. axb3 axb3 45. Rxb3 Qxh4+ 46. Qh2 Qg5 47. Rf3 d4 48. Qe5 Nf6 49. Qf4 Qh4+ 50. Kg2 Qxg4+ 51. Qxg4 Nxg4 52. Rc1 Rf6 53. Rf4 Ne3+ 54. Kf3 Nxf5 55. Rc5 g6 56. Ke2 Kg7 57. Kd3 h5 58. Rf1 Kh6 59. Rfc1 h4 60. Rxc6 Rxc6 61. Rxc6 Kh5 62. Ke4 h3 63. Kf3 Kg5 64. Rc5 Kh4 65. Rc8 Kg5 66. Rd8 Kf6 67. Kf4 g5+ 68. Kg4 h2 69. Rh8 Nh4 70. Rf8+ Ke5 71. Rf1 d3 72. Kg3 Ke4 73. Kxh2 Ke3 74. Kg3 Ke2 75. Rh1 d2 76. Rh2+ Ke3 77. Rxd2 Kxd2 78. Kg4 Nf3 79. Kxf3 Kd3 80. Kg4 Kd4 81. Kxg5 1/2-1/2


[Site "https://www.chess.com"]

[Event "Titled Tuesday Blitz February 15 Early 2022"]
[White "Omariev, Maksim"]
[Black "Gatterer, Florian"]
[WhiteFideId "4193423"]
[BlackFideId "811688"]
[WhiteElo "2501"]
[BlackElo "2218"]
[Result "1-0"]
[Round "06"]
[TimeControl "180+1"]
[Date "2022.02.15"]
[WhiteClock "0:00:13"]
[BlackClock "0:00:18"]

1. b3 e5 2. Bb2 Nc6 3. e3 Nf6 4. Bb5 Bd6 5. Nf3 e4 6. Nd4 Nxd4 7. Bxd4 Qe7 8. Nc3 c6 9. Be2 Be5 10. Bxe5 Qxe5 11. f4 exf3 12. Bxf3 d5 13. O-O O-O 14. Ne2 Bd7 15. Nf4 Rae8 16. c3 Ne4 17. b4 a6 18. Kh1 g6 19. Bxe4 Qxe4 20. Qf3 Bf5 21. a4 Qxf3 22. gxf3 h6 23. Rg1 Kh7 24. a5 g5 25. Ne2 Bd7 26. h4 gxh4 27. Nf4 Re5 28. Nd3 Rg5 29. f4 Rg3 30. Nc5 Rh3+ 31. Kg2 Rg8+ 32. Kf1 Bf5 33. Rxg8 Kxg8 34. Kg2 Rg3+ 35. Kf2 Be4 36. Rg1 Rxg1 37. Kxg1 Kg7 38. Nxb7 Kg6 39. Nc5 Bf3 40. Nxa6 Kf5 41. Nc5 Kg4 42. Kh2 Be2 43. d3 Kf3 44. a6 d4 45. cxd4 Kxe3 46. a7 Kxd4 47. a8=Q Bf3 48. Qd8+ Kc3 49. Qxh4 Kxb4 50. Ne4 Kb3 51. Qxh6 c5 52. Qb6+ Kc2 53. Qxc5+ Kd1 54. Qf2 Be2 55. Nc3+ Kd2 56. Nxe2 Kxd3 57. Ng3 Kc4 58. f5 f6 59. Qf4+ Kc3 60. Qd6 Kc2 61. Qxf6 Kd3 62. Qe5 Kd2 63. Qe4 Kd1 64. Qe2+ Kc1 65. Ne4 Kb1 66. Kg3 Kc1 67. Kf4 Kb1 68. Ke5 Kc1 69. Kd4 Kb1 70. Kc3 1-0


[Site "https://www.chess.com"]

[Event "Titled Tuesday Blitz February 15 Early 2022"]
[White "Orlov, Georgi"]
[Black "Singh, Ojasva"]
[WhiteFideId "2011271"]
[BlackFideId "25681958"]
[WhiteElo "2489"]
[BlackElo "1741"]
[Result "1-0"]
[Round "06"]
[TimeControl "180+1"]
[Date "2022.02.15"]
[WhiteClock "0:02:51"]
[BlackClock "0:02:24"]

1. d4 d5 2. Nf3 Nf6 3. c4 c6 4. Nc3 e6 5. e3 Nbd7 6. Bd3 dxc4 7. Bxc4 b5 8. Bd3 a6 9. e4 c5 10. e5 cxd4 11. Nxb5 axb5 12. exf6 Qxf6 13. Bg5 Bb4+ 14. Kf1 1-0


[Site "https://www.chess.com"]

[Event "Titled Tuesday Blitz February 15 Early 2022"]
[White "Osmak, Yuliia"]
[Black "Sargissyan, Sargis"]
[WhiteFideId "14101602"]
[BlackFideId "13303210"]
[WhiteElo "2302"]
[BlackElo "2174"]
[Result "1-0"]
[Round "06"]
[TimeControl "180+1"]
[Date "2022.02.15"]
[WhiteClock "0:01:04"]
[BlackClock "0:00:02"]

1. e4 c5 2. b3 Nc6 3. Bb2 d5 4. exd5 Qxd5 5. Nc3 Qd8 6. g3 Nf6 7. Bg2 g6 8. Nf3 Bg7 9. O-O O-O 10. Re1 Bf5 11. Qc1 Rc8 12. d3 Nd4 13. Ne5 b6 14. a4 Ng4 15. Nc4 h5 16. h3 Nf6 17. Ne5 Nd7 18. Nc4 Nf6 19. h4 Ng4 20. Nd5 Bh6 21. Nxe7+ Qxe7 22. Rxe7 Bxc1 23. Rxc1 Rfe8 24. Rxe8+ Rxe8 25. Bxd4 cxd4 26. Bf3 Ne5 27. Nxe5 Rxe5 28. Kf1 Bh3+ 29. Bg2 Bxg2+ 30. Kxg2 Rc5 31. Kf3 f5 32. Ke2 Kf7 33. Kd2 Kf6 34. c3 dxc3+ 35. Rxc3 Re5 36. Rc7 1-0


[Site "https://www.chess.com"]

[Event "Titled Tuesday Blitz February 15 Early 2022"]
[White "Osmonbekov, Talaibek"]
[Black "Reprintsev, Alexander"]
[WhiteFideId "2017253"]
[BlackFideId "14100541"]
[WhiteElo "2135"]
[BlackElo "2126"]
[Result "1-0"]
[Round "06"]
[TimeControl "180+1"]
[Date "2022.02.15"]
[WhiteClock "0:00:16"]
[BlackClock "0:00:13"]

1. d4 d5 2. Nc3 Nf6 3. Bf4 a6 4. e3 c5 5. Nf3 Nbd7 6. Ne5 Qb6 7. a3 e6 8. g4 Nxe5 9. Bxe5 Nd7 10. Bg3 Bd6 11. Na4 Qa5+ 12. b4 cxb4 13. Bxd6 bxa3+ 14. c3 b5 15. Bb4 Qc7 16. Rxa3 bxa4 17. Qxa4 Bb7 18. Bd3 f6 19. O-O Kf7 20. Qa5 Rhc8 21. Qxc7 Rxc7 22. Rfa1 Rc6 23. Kf1 e5 24. Ke1 exd4 25. cxd4 Bc8 26. Kd2 Nb8 27. f3 Rb6 28. Bc3 Ra7 29. Ra5 Rd7 30. Rb1 Rxb1 31. Bxb1 Nc6 32. Rc5 Bb7 33. Bf5 Rd6 34. h4 g6 35. Bd3 Nd8 36. Rc7+ Kg8 37. h5 Bc6 38. hxg6 hxg6 39. Bxg6 Ne6 40. Bf7+ Kf8 41. Bb4 1-0


[Site "https://www.chess.com"]

[Event "Titled Tuesday Blitz February 15 Early 2022"]
[White "Ovezdurdyyeva, Jemal"]
[Black "Al Mukhaini, Shima"]
[WhiteFideId "14001888"]
[BlackFideId "22005854"]
[WhiteElo "1946"]
[BlackElo "2399"]
[Result "0-1"]
[Round "06"]
[TimeControl "180+1"]
[Date "2022.02.15"]
[WhiteClock "0:00:08"]
[BlackClock "0:01:23"]

1. e4 d6 2. d4 Nf6 3. Nc3 g6 4. Nf3 Bg7 5. Be3 O-O 6. Qd2 Ng4 7. Bg5 h6 8. Bh4 g5 9. Bg3 c5 10. h4 cxd4 11. Nxd4 e6 12. hxg5 hxg5 13. Nf3 f6 14. Bxd6 Rf7 15. Bb5 Nc6 16. Ba3 Rd7 17. O-O-O Rxd2 0-1


[Site "https://www.chess.com"]

[Event "Titled Tuesday Blitz February 15 Early 2022"]
[White "Ozdemir, Serhan Berat"]
[Black "Tuleyeva-Aketayeva, Dana"]
[WhiteFideId "6374611"]
[BlackFideId "13701932"]
[WhiteElo "1920"]
[BlackElo "1944"]
[Result "1-0"]
[Round "06"]
[TimeControl "180+1"]
[Date "2022.02.15"]
[WhiteClock "0:00:03"]
[BlackClock "0:00:02"]

1. e4 c5 2. Nf3 Nc6 3. Bb5 g6 4. Bxc6 dxc6 5. O-O Bg7 6. h3 Nf6 7. d3 O-O 8. Nbd2 Nd7 9. a3 e5 10. b4 cxb4 11. axb4 a5 12. Nc4 a4 13. Bb2 Re8 14. Ra3 b5 15. Na5 Qc7 16. c4 c5 17. cxb5 cxb4 18. b6 Nxb6 19. Rxa4 Nxa4 20. Qxa4 Bd7 21. Qxb4 Qxa5 22. Qd6 Qb5 23. Rc1 Qxb2 24. Rc7 Be6 25. Ng5 Rac8 26. Nxe6 Rxc7 27. Nxc7 Qc1+ 28. Kh2 Rc8 29. Nd5 Re8 30. Qd7 Qc8 31. Qxc8 Rxc8 32. Ne7+ Kf8 33. Nxc8 f5 34. Nd6 Ke7 35. Nc4 Ke6 36. Kg3 Bh6 37. Kf3 Bc1 38. g3 h6 39. Ne3 Bd2 40. h4 Bc1 41. Nc2 g5 42. hxg5 hxg5 43. exf5+ Kxf5 44. Ne3+ Ke6 45. Ke4 Bd2 46. Ng4 Be1 47. Ke3 Kf5 48. Nh2 1-0


[Site "https://www.chess.com"]

[Event "Titled Tuesday Blitz February 15 Early 2022"]
[White "Papasimakopoulos, Alexandros"]
[Black "Jakubowski, Krzysztof"]
[WhiteFideId "4244125"]
[BlackFideId "1112848"]
[WhiteElo "2340"]
[BlackElo "2365"]
[Result "0-1"]
[Round "06"]
[TimeControl "180+1"]
[Date "2022.02.15"]
[WhiteClock "0:00:07"]
[BlackClock "0:00:13"]

1. d4 Nf6 2. c4 e6 3. Nc3 Bb4 4. Qc2 b6 5. a3 Bxc3+ 6. Qxc3 Bb7 7. Bg5 h6 8. Bh4 O-O 9. f3 d5 10. e3 Nbd7 11. cxd5 exd5 12. Bd3 c5 13. Ne2 Re8 14. O-O Rc8 15. Qd2 Qe7 16. Bf2 c4 17. Bc2 b5 18. Ng3 Nf8 19. Nf5 Qc7 20. Bg3 c3 21. Qd3 Qc4 22. Qxc4 Rxc4 23. b3 Rc6 24. Nd6 Re7 25. Nxb5 Ba6 26. a4 Rxe3 27. Rfe1 Rxe1+ 28. Rxe1 Bxb5 29. axb5 Rb6 30. Bd3 Ne6 31. Bf2 Nc7 32. Rc1 Nxb5 33. Kf1 Nd7 34. Ke2 Nf8 35. Bxb5 Rxb5 36. Rxc3 Ne6 37. Be3 a5 38. Kd3 g5 39. Rc8+ Kg7 40. Kc3 h5 41. g3 Kf6 42. h4 gxh4 43. gxh4 Rb7 44. Ra8 Rb5 45. Ra6 Kf5 46. Ra7 Kg6 47. Rd7 Ng7 48. Rd6+ Kh7 49. Rf6 Kg8 50. Bh6 Ne6 51. Be3 Kg7 52. Rf5 Kg6 53. Re5 Nc7 54. f4 f6 55. f5+ Kf7 56. Bf4 fxe5 57. dxe5 Rb4 58. Bg5 Re4 59. Bf6 Nb5+ 60. Kd3 Nd4 61. Kc3 Nxf5 62. Bg5 Ke6 63. Kb2 Nxh4 64. Ka3 Nf3 65. Bh6 Nxe5 66. Bg7 Nc6 67. Bf8 h4 68. Bc5 h3 69. Bg1 Rg4 70. Bh2 Rg2 71. Bc7 h2 72. Ka4 h1=Q 73. Kb5 Qb1 74. Ka6 Qxb3 75. Bb6 Qc4+ 76. Kb7 a4 77. Ka8 a3 78. Kb7 a2 79. Bd4 a1=Q 80. Bxa1 Qb5+ 81. Kc7 Ra2 82. Bd4 Nxd4 83. Kd8 Ra8+ 84. Kc7 Ra7+ 85. Kc8 Qb7+ 86. Kd8 Qd7# 0-1


[Site "https://www.chess.com"]

[Event "Titled Tuesday Blitz February 15 Early 2022"]
[White "Pinheiro, Iung Alicio de O."]
[Black "Dushyant Sharma"]
[WhiteFideId "2104350"]
[BlackFideId "25065130"]
[WhiteElo "2647"]
[BlackElo "2012"]
[Result "1/2-1/2"]
[Round "06"]
[TimeControl "180+1"]
[Date "2022.02.15"]
[WhiteClock "0:00:19"]
[BlackClock "0:00:04"]

1. e4 d5 2. exd5 Nf6 3. Be2 Qxd5 4. Nf3 Bg4 5. Nc3 Qd8 6. h3 Bh5 7. g4 Bg6 8. Ne5 Nbd7 9. Nxg6 hxg6 10. Bf3 c6 11. d4 e6 12. Qe2 Be7 13. Bf4 Nd5 14. Nxd5 exd5 15. O-O-O O-O 16. Kb1 Re8 17. Qd2 Nb6 18. Be2 Bd6 19. Be3 Nc4 20. Bxc4 dxc4 21. d5 c5 22. h4 Be5 23. Qe2 Bxb2 24. Kxb2 Qb6+ 25. Ka1 Qf6+ 26. c3 Qxc3+ 27. Qb2 Qa5 28. Bd2 Qa6 29. Bc3 b5 30. Bxg7 b4 31. Qf6 Qxf6+ 32. Bxf6 c3 33. h5 Kh7 34. f4 Re2 35. f5 g5 36. Bxg5 a5 37. d6 a4 38. d7 b3 39. d8=Q Rxa2+ 40. Kb1 Rb2+ 41. Kc1 Rc2+ 42. Kb1 Rb2+ 43. Ka1 Ra2+ 44. Kb1 Rb2+ 1/2-1/2


[Site "https://www.chess.com"]

[Event "Titled Tuesday Blitz February 15 Early 2022"]
[White "Politov, Pavel Y."]
[Black "Namitbir Singh Walia"]
[WhiteFideId "24110515"]
[BlackFideId "35071068"]
[WhiteElo "2090"]
[BlackElo "1479"]
[Result "0-1"]
[Round "06"]
[TimeControl "180+1"]
[Date "2022.02.15"]
[WhiteClock "0:00:02"]
[BlackClock "0:00:55"]

1. e4 e5 2. Nf3 Nc6 3. Bc4 Nf6 4. d3 Be7 5. O-O O-O 6. a4 d6 7. a5 a6 8. Nc3 Bg4 9. Be3 Nd4 10. Bxd4 exd4 11. Nd5 Nxd5 12. Bxd5 c6 13. Bb3 Bf6 14. h3 Be6 15. Bxe6 fxe6 16. e5 Bxe5 17. Nxe5 dxe5 18. Re1 Qh4 19. Qd2 Rf5 20. Re4 Qf6 21. Rae1 Rd8 22. Qe2 Rd5 23. b4 Rb5 24. g4 Rg5 25. f4 Rg6 26. fxe5 Qd8 27. Qf2 h6 28. Rxd4 Qg5 29. c3 Rxe5 30. Rxe5 Qxe5 31. Rd8+ Kh7 32. Rd4 Rf6 0-1


[Site "https://www.chess.com"]

[Event "Titled Tuesday Blitz February 15 Early 2022"]
[White "Ponkratov, Pavel"]
[Black "Goltseva, Ekaterina"]
[WhiteFideId "4157800"]
[BlackFideId "24173770"]
[WhiteElo "2487"]
[BlackElo "2140"]
[Result "1-0"]
[Round "06"]
[TimeControl "180+1"]
[Date "2022.02.15"]
[WhiteClock "0:00:45"]
[BlackClock "0:00:03"]

1. c4 Nf6 2. Nc3 c5 3. e3 d5 4. cxd5 Nxd5 5. Nf3 Nc6 6. Bb5 e6 7. Qa4 Bd7 8. Qg4 Ndb4 9. O-O Qf6 10. a3 Nd5 11. Qe4 Nxc3 12. bxc3 Bd6 13. d4 cxd4 14. cxd4 O-O 15. Bd3 g6 16. Rb1 Rab8 17. Bb2 Qf5 18. Qh4 Qxd3 19. d5 Bxa3 20. Rfd1 Qxd1+ 21. Rxd1 Bxb2 22. Ng5 h5 23. dxc6 Bxc6 24. g4 Rbd8 25. Rb1 Bf6 26. gxh5 Kg7 27. hxg6 Rh8 28. Qg3 Bxg5 29. Qxg5 f6 30. Qg4 Bd5 31. e4 Bc6 32. Qxe6 Kxg6 33. f3 Rdg8 34. Kf2 Rxh2+ 35. Ke3 Rg2 36. Qxg8+ 1-0


[Site "https://www.chess.com"]